MLB
COLORADO ROCKIES @ ARIZONA DIAMONDBACKS
05/29/2023
 
TOP OF THE 1ST
Colorado Rockies batting - Pitching for Arizona Diamondbacks : RHP Joe Ross
Pitching: RHP Joe Ross
Batting: LHB Michael Harris II 0-0: Ball
1-0: Ball
2-0: Swinging Strike
2-1: Foul Ball, location: 2F
2-2: Ball
3-2: Foul Ball, location: 2F
3-2: Base on Balls
Batting: RHB Trea Turner 0-0: Called Strike
0-1: Ball
Michael Harris II steals 2nd base
1-1: Ball
2-1: Ball
3-1: Swinging Strike
3-2: Foul Ball, location: 9LSF
3-2: Foul Ball, location: 2F
3-2: Base on Balls
Batting: LHB Joey Gallo 0-0: Foul Ball, location: 25F
0-1: Fly out, F8 (Flyball, 8RD, EV 103.8 MPH)
Batting: LHB Rowdy Tellez 0-0: DOUBLE (Line Drive, 89D, EV 90.6 MPH)
Michael Harris II scores
Trea Turner to third
Batting: LHB Ryan McMahon 0-0: SINGLE (Groundball, 6MD, EV 103.1 MPH)
Trea Turner scores
Rowdy Tellez to third
Runner from 3rd tries for Home, SAFE, throw by CF to home
Ryan McMahon to second
Batting: RHB Justin Turner 0-0: Called Strike
0-1: Ball
1-1: Ball
2-1: Foul Ball, location: 7LDF
2-2: Reached on error, E6 (Groundball, 6, EV 86.9 MPH)
Batting: RHB Eugenio Suárez 0-0: Ball
1-0: Grounds into double play, 5-4-3 (Groundball, 56, EV 84.4 MPH)
Top of the 1st over - 3 runs, 2 hits, 1 error, 1 left on base; Colorado 3 - Arizona 0
BOTTOM OF THE 1ST
Arizona Diamondbacks batting - Pitching for Colorado Rockies : LHP Shane McClanahan
Pitching: LHP Shane McClanahan
Batting: RHB Victor Robles 0-0: Ball
1-0: Ground out U3 (Groundball, 34, EV 84.4 MPH)
Batting: RHB Amed Rosario 0-0: Called Strike
0-1: SINGLE (Line Drive, 34, EV 99.4 MPH)
Batting: RHB Miguel Andújar 0-0: Called Strike
0-1: Ball
1-1: Ball
2-1: Ball
3-1: Foul Ball, location: 25F
3-2: Foul Ball, location: 5F
3-2: Foul Ball, location: 23F
3-2: TRIPLE (Line Drive, 89XD, EV 104.4 MPH)
Amed Rosario scores
Pinch Runner at 3rd Sam Hilliard:
Batting: RHB Lewis Brinson 0-0: Ball
1-0: Ground out 6-3 (Groundball, 6, EV 103.1 MPH)
Sam Hilliard scores
Batting: RHB Josh Donaldson 0-0: Ball
1-0: Fly out, F8 (Flyball, 8LD, EV 92.5 MPH)
Bottom of the 1st over - 2 runs, 2 hits, 0 errors, 0 left on base; Colorado 3 - Arizona 2
TOP OF THE 2ND
Colorado Rockies batting - Pitching for Arizona Diamondbacks : RHP Joe Ross
Batting: SHB Cal Raleigh 0-0: Foul Ball, location: 2F
0-1: Foul Ball, location: 2F
0-2: Ball
1-2: Ball
2-2: SINGLE (Line Drive, 8LS, EV 101.9 MPH)
Batting: RHB Manuel Margot 0-0: Fly out, F8 (Line Drive, 8RD, EV 91.3 MPH)
Batting: LHB Michael Harris II 0-0: Called Strike
0-1: SINGLE (Groundball, 6MD, EV 97.5 MPH)
Cal Raleigh to second
Runner from 2nd tries for 3rd, OUT! 8-5
Michael Harris II to second
Batting: RHB Trea Turner 0-0: Ground out 1-3 (Groundball, 13S, EV 71.9 MPH)
Top of the 2nd over - 0 runs, 2 hits, 0 errors, 1 left on base; Colorado 3 - Arizona 2
BOTTOM OF THE 2ND
Arizona Diamondbacks batting - Pitching for Colorado Rockies : LHP Shane McClanahan
Batting: RHB Isaac Paredes 0-0: Ball
1-0: SOLO HOME RUN (Flyball, 7D, EV 99.4 MPH), Distance : 375 ft
Batting: RHB Aristides Aquino 0-0: Ball
1-0: Called Strike
1-1: Ball
2-1: Ball
3-1: Foul Ball, location: 3SF
3-2: Base on Balls
Batting: RHB Logan O'Hoppe 0-0: Foul Ball, location: 9LSF
0-1: Ball
1-1: Ball
2-1: Fielders Choice at 2nd, 5-4 (Groundball, 56S, EV 93.1 MPH)
Batting: RHB Mauricio Dubon 0-0: Called Strike
0-1: Ball
1-1: Ball
2-1: Foul Ball, location: 23F
2-2: Strikes out swinging
Batting: RHB Victor Robles 0-0: Ball
1-0: Called Strike
1-1: Called Strike
1-2: Ball
2-2: Fielders Choice at 2nd, 6-4 (Groundball, 6, EV 86.9 MPH)
Bottom of the 2nd over - 1 run, 1 hit, 0 errors, 1 left on base; Colorado 3 - Arizona 3
TOP OF THE 3RD
Colorado Rockies batting - Pitching for Arizona Diamondbacks : RHP Joe Ross
Batting: LHB Joey Gallo 0-0: Ball
1-0: Ball
2-0: Ball
3-0: Called Strike
3-1: Fly out, F8 (Line Drive, 8RD, EV 94.4 MPH)
Batting: LHB Rowdy Tellez 0-0: Called Strike
0-1: Foul Ball, location: 2RF
0-2: Strikes out swinging
Batting: LHB Ryan McMahon 0-0: Called Strike
0-1: Foul Ball, location: 5F
0-2: Ball
1-2: Strikes out swinging
Top of the 3rd over - 0 runs, 0 hits, 0 errors, 0 left on base; Colorado 3 - Arizona 3
BOTTOM OF THE 3RD
Arizona Diamondbacks batting - Pitching for Colorado Rockies : LHP Shane McClanahan
Batting: RHB Amed Rosario 0-0: Ground out 6-3 (Groundball, 6MD, EV 97.5 MPH)
Batting: LHB Sam Hilliard 0-0: Ball
1-0: Swinging Strike
1-1: Foul Ball, location: 7LDF
1-2: Fly out, F6 (Line Drive, 6M, EV 69.4 MPH)
Batting: RHB Lewis Brinson 0-0: Ground out 5-3 (Groundball, 56S, EV 90.6 MPH)
Bottom of the 3rd over - 0 runs, 0 hits, 0 errors, 0 left on base; Colorado 3 - Arizona 3
TOP OF THE 4TH
Colorado Rockies batting - Pitching for Arizona Diamondbacks : RHP Joe Ross
Batting: RHB Justin Turner 0-0: Ball
1-0: Ball
2-0: Swinging Strike
2-1: Foul Ball, location: 3F
2-2: SINGLE (Line Drive, 6M, EV 107.5 MPH)
Batting: RHB Eugenio Suárez 0-0: Ball
1-0: Foul Ball, location: 9LMF
1-1: Ball
2-1: Ball
3-1: Base on Balls
Justin Turner to second
Batting: SHB Cal Raleigh 0-0: Called Strike
0-1: Swinging Strike
0-2: Ball
1-2: Grounds into double play, 4-6-3 (Groundball, 34, EV 92.5 MPH)
Justin Turner to third
Batting: RHB Manuel Margot 0-0: Ball
1-0: Ball
2-0: Called Strike
2-1: Foul Ball, location: 3F
2-2: Ball
3-2: DOUBLE (Line Drive, 7LD, EV 105.6 MPH)
Justin Turner scores
Batting: LHB Michael Harris II 0-0: Ball
1-0: Foul Ball, location: 2F
1-1: Ball
2-1: Ball
3-1: Foul Ball, location: 7LSF
3-2: 2-RUN HOME RUN (Flyball, 89XD, EV 105.6 MPH), Distance : 403 ft
Pitching: RHP Jordan Balazovic
Batting: RHB Trea Turner 0-0: Ball
1-0: Ground out 6-3 (Groundball, 6, EV 108.8 MPH)
Top of the 4th over - 3 runs, 3 hits, 0 errors, 0 left on base; Colorado 6 - Arizona 3
BOTTOM OF THE 4TH
Arizona Diamondbacks batting - Pitching for Colorado Rockies : LHP Shane McClanahan
Batting: RHB Josh Donaldson 0-0: Ball
1-0: Ball
2-0: Ball
3-0: Base on Balls
Batting: RHB Isaac Paredes 0-0: Ball
1-0: Fly out, F7 (Flyball, 7D, EV 109.4 MPH)
Batting: RHB Aristides Aquino 0-0: Foul Ball, location: 5F
0-1: Called Strike
Josh Donaldson steals 2nd base
0-2: Ball
1-2: Ball
2-2: Fly out, F7 (Flyball, 7D, EV 85.0 MPH)
Runner from 2nd tags up, SAFE at 3rd, no throw by LF
Batting: RHB Logan O'Hoppe 0-0: Called Strike
0-1: Ball
1-1: Foul Ball, location: 2F
1-2: Foul Ball, location: 2F
1-2: Foul Ball, location: 7LSF
1-2: Strikes out swinging
Bottom of the 4th over - 0 runs, 0 hits, 0 errors, 1 left on base; Colorado 6 - Arizona 3
TOP OF THE 5TH
Colorado Rockies batting - Pitching for Arizona Diamondbacks : RHP Jordan Balazovic
Batting: LHB Joey Gallo 0-0: Ball
1-0: Fly out, F3 (Popup, 3F, EV 78.1 MPH)
Batting: LHB Rowdy Tellez 0-0: Ball
1-0: Foul Ball, location: 2F
1-1: Ball
2-1: Swinging Strike
2-2: Strikes out looking
Batting: LHB Ryan McMahon 0-0: Ball
1-0: Ball
2-0: Ball
3-0: Called Strike
3-1: Foul Ball, location: 2F
3-2: Foul Ball, location: 2F
3-2: Foul Ball, location: 2F
3-2: Ground out 6-3 (Groundball, 6M, EV 86.3 MPH)
Top of the 5th over - 0 runs, 0 hits, 0 errors, 0 left on base; Colorado 6 - Arizona 3
BOTTOM OF THE 5TH
Arizona Diamondbacks batting - Pitching for Colorado Rockies : LHP Shane McClanahan
Batting: RHB Mauricio Dubon 0-0: Called Strike
0-1: Foul Ball, location: 2F
0-2: Foul Ball, location: 9LMF
0-2: Strikes out swinging
Batting: RHB Victor Robles 0-0: Ball
1-0: Foul Ball, location: 2F
1-1: Foul Ball, location: 9LMF
1-2: Strikes out swinging
Batting: RHB Amed Rosario 0-0: Ground out 6-3 (Groundball, 6, EV 86.3 MPH)
Bottom of the 5th over - 0 runs, 0 hits, 0 errors, 0 left on base; Colorado 6 - Arizona 3
TOP OF THE 6TH
Colorado Rockies batting - Pitching for Arizona Diamondbacks : RHP Jordan Balazovic
Batting: RHB Justin Turner 0-0: Called Strike
0-1: Ball
1-1: Swinging Strike
1-2: Fly out, F9 (Line Drive, 9S, EV 95.0 MPH)
Batting: RHB Eugenio Suárez 0-0: Foul Ball, location: 2F
0-1: Foul Ball, location: 2F
0-2: Ball
1-2: Strikes out swinging
Batting: SHB Cal Raleigh 0-0: Called Strike
0-1: Ball
1-1: Ball
2-1: Foul Ball, location: 2F
2-2: Strikes out swinging
Top of the 6th over - 0 runs, 0 hits, 0 errors, 0 left on base; Colorado 6 - Arizona 3
BOTTOM OF THE 6TH
Arizona Diamondbacks batting - Pitching for Colorado Rockies : LHP Shane McClanahan
Batting: LHB Sam Hilliard 0-0: Ball
1-0: Ball
2-0: Called Strike
2-1: Swinging Strike
2-2: Strikes out swinging
Batting: RHB Lewis Brinson 0-0: Ball
1-0: SINGLE (Line Drive, 4D, EV 94.4 MPH)
Batting: RHB Josh Donaldson 0-0: Called Strike
0-1: Foul Ball, location: 2F
0-2: Ball
1-2: Fly out, F8 (Flyball, 8LM, EV 96.3 MPH)
Batting: RHB Isaac Paredes 0-0: Called Strike
0-1: Fly out, F4 (Popup, 34, EV 59.4 MPH)
Bottom of the 6th over - 0 runs, 1 hit, 0 errors, 1 left on base; Colorado 6 - Arizona 3
TOP OF THE 7TH
Colorado Rockies batting - Pitching for Arizona Diamondbacks : RHP Jordan Balazovic
Pitching: RHP Jay Jackson
Batting: RHB Manuel Margot 0-0: Ball
1-0: Called Strike
1-1: SINGLE (Groundball, 34D, EV 100.6 MPH)
Batting: LHB Michael Harris II 0-0: Ball
1-0: Ball
Manuel Margot steals 2nd base
2-0: Fly out, F7 (Flyball, 7D, EV 89.4 MPH)
Runner from 2nd tags up, SAFE at 3rd, no throw by LF
Batting: RHB Trea Turner 0-0: Swinging Strike
0-1: Foul Ball, location: 23F
0-2: Foul Ball, location: 7LSF
0-2: Ball
1-2: Foul Ball, location: 3SF
1-2: Fly out, F8 (Flyball, 8LD, EV 91.9 MPH)
Runner from 3rd tags up, SCORES, throw by CF
Batting: LHB Joey Gallo 0-0: Foul Ball, location: 3F
0-1: Swinging Strike
0-2: Foul Ball, location: 3F
0-2: Foul Ball, location: 7LDF
0-2: Ball
1-2: Strikes out looking
Top of the 7th over - 1 run, 1 hit, 0 errors, 0 left on base; Colorado 7 - Arizona 3
BOTTOM OF THE 7TH
Arizona Diamondbacks batting - Pitching for Colorado Rockies : LHP Shane McClanahan
Batting: RHB Aristides Aquino 0-0: Swinging Strike
0-1: Swinging Strike
0-2: Strikes out swinging
Batting: RHB Logan O'Hoppe 0-0: Called Strike
0-1: Called Strike
0-2: Strikes out swinging
Batting: RHB Mauricio Dubon 0-0: Ball
1-0: Foul Ball, location: 5F
1-1: Called Strike
1-2: Ball
2-2: Foul Ball, location: 25F
2-2: Ground out 5-3 (Groundball, 56, EV 103.1 MPH)
Bottom of the 7th over - 0 runs, 0 hits, 0 errors, 0 left on base; Colorado 7 - Arizona 3
TOP OF THE 8TH
Colorado Rockies batting - Pitching for Arizona Diamondbacks : RHP Jay Jackson
Pitching: RHP Miguel Castro
Batting: LHB Rowdy Tellez 0-0: Called Strike
0-1: Ball
1-1: Foul Ball, location: 3F
1-2: Ball
2-2: Strikes out swinging
Batting: LHB Ryan McMahon 0-0: Ball
1-0: SINGLE (Groundball, 6D, EV 98.1 MPH)
Batting: RHB Justin Turner 0-0: Called Strike
0-1: Foul Ball, location: 2F
0-2: Ball
1-2: Ball
2-2: SINGLE (Line Drive, 78S, EV 91.3 MPH)
Ryan McMahon to second
Batting: RHB Eugenio Suárez 0-0: Called Strike
0-1: Foul Ball, location: 2F
0-2: Foul Ball, location: 9LMF
0-2: Ball
1-2: Strikes out swinging
Batting: SHB Cal Raleigh 0-0: Ball
1-0: Ball
2-0: Called Strike
2-1: Called Strike
2-2: Strikes out swinging
Top of the 8th over - 0 runs, 2 hits, 0 errors, 2 left on base; Colorado 7 - Arizona 3
BOTTOM OF THE 8TH
Arizona Diamondbacks batting - Pitching for Colorado Rockies : LHP Shane McClanahan
Pitching: RHP Zack Greinke
Now at 1B: José Miranda
Batting: RHB Victor Robles 0-0: SINGLE (Line Drive, 8LS, EV 102.5 MPH)
Batting: RHB Amed Rosario 0-0: Swinging Strike
0-1: Ball
1-1: Ball
2-1: DOUBLE (Line Drive, 7LM, EV 100.6 MPH)
Victor Robles to third
Batting: LHB Sam Hilliard 0-0: SINGLE (Groundball, 4M, EV 108.1 MPH) (infield hit)
Victor Robles scores
Amed Rosario to third
Pinch Hitting: LHB Justin Dirden 0-0: Called Strike
0-1: SINGLE (Groundball, 4MD, EV 94.4 MPH)
Amed Rosario scores
Sam Hilliard to second
Pinch Hitting: SHB Jonah Heim 0-0: Ball
1-0: Ball
2-0: Fielders Choice at 2nd, 6-4 (Groundball, 6, EV 95.6 MPH)
Sam Hilliard to third
Batting: RHB Isaac Paredes 0-0: Foul Ball, location: 7LSF
0-1: Fly out, F8 (Flyball, 89S, EV 97.5 MPH)
Batting: RHB Aristides Aquino 0-0: Called Strike
0-1: Swinging Strike
0-2: SINGLE (Groundball, 6MD, EV 98.8 MPH)
Sam Hilliard scores
Jonah Heim to second
Batting: RHB Logan O'Hoppe 0-0: Called Strike
0-1: Ball
1-1: Ball
2-1: Ball
3-1: Foul Ball, location: 2F
3-2: Base on Balls
Jonah Heim to third
Aristides Aquino to second
Batting: RHB Mauricio Dubon 0-0: Ball
1-0: Ball
2-0: SINGLE (Line Drive, 78M, EV 96.9 MPH)
Jonah Heim scores
Aristides Aquino to third
Logan O'Hoppe to second
Runner from 3rd tries for Home, throw by LF and OUT! 7-2
Bottom of the 8th over - 4 runs, 6 hits, 0 errors, 2 left on base; Colorado 7 - Arizona 7
TOP OF THE 9TH
Colorado Rockies batting - Pitching for Arizona Diamondbacks : RHP Miguel Castro
Pitching: RHP Jimmy Nelson
Now at 3B: Delvin Perez
Now in LF: Justin Dirden
Pinch Hitting: LHB Socrates Brito 0-0: Called Strike
0-1: Foul Ball, location: 3F
0-2: Ball
1-2: Ball
2-2: Foul Ball, location: 2LF
2-2: Ball
3-2: Strikes out looking
Batting: LHB Michael Harris II 0-0: Ball
1-0: Ground out U3 (Groundball, 3, EV 110.6 MPH)
Batting: RHB Trea Turner 0-0: Called Strike
0-1: Foul Ball, location: 23F
0-2: Ball
1-2: Ball
2-2: Foul Ball, location: 5SF
2-2: Ball
3-2: Base on Balls
Pitching: RHP Pierce Johnson
Batting: LHB Joey Gallo 0-0: Foul Ball, location: 25F
0-1: Ball
1-1: Ball
2-1: Ball
Trea Turner steals 2nd base
3-1: Foul Ball, location: 7LSF
3-2: Foul Ball, location: 2F
3-2: Foul Ball, location: 7LMF
3-2: Foul Ball, location: 2F
3-2: 2-RUN HOME RUN (Flyball, 9D, EV 97.5 MPH), Distance : 363 ft
Batting: RHB José Miranda 0-0: Swinging Strike
0-1: Swinging Strike
0-2: SOLO HOME RUN (Flyball, 7D, EV 95.0 MPH), Distance : 381 ft
Batting: LHB Ryan McMahon 0-0: Called Strike
0-1: Fly out, F7 (Flyball, 7D, EV 93.8 MPH)
Top of the 9th over - 3 runs, 2 hits, 0 errors, 0 left on base; Colorado 10 - Arizona 7
BOTTOM OF THE 9TH
Arizona Diamondbacks batting - Pitching for Colorado Rockies : RHP Zack Greinke
Pitching: LHP Jalen Beeks
Now in LF: Socrates Brito
Now in CF: Michael Harris II
Batting: RHB Victor Robles 0-0: Foul Ball, location: 2F
0-1: Swinging Strike
0-2: Strikes out swinging
Batting: RHB Amed Rosario 0-0: Called Strike
0-1: Foul Ball, location: 2F
0-2: Strikes out swinging
Batting: LHB Sam Hilliard 0-0: Called Strike
0-1: Called Strike
0-2: Ball
1-2: Ball
2-2: Foul Ball, location: 2F
2-2: Ball
3-2: Foul Ball, location: 7LDF
3-2: Base on Balls
Batting: LHB Justin Dirden 0-0: Ball
1-0: Ball
2-0: Ground out 1-3 (Groundball, 13S, EV 71.9 MPH)
Bottom of the 9th over - 0 runs, 0 hits, 0 errors, 1 left on base; Colorado 10 - Arizona 7
Tuesday, June 20th , 2023 - OOTP Baseball 24.5 Build 64